 Dungeon Crawl Stone Soup version 0.22.1-1-ga44c0e56f4 (webtiles) character file.

71 Peloso the Shield-Bearer (level 4, 0/40 HPs)
             Began as a Minotaur Fighter on Nov 3, 2018.
             Was an Initiate of Okawaru.
             Slain by Grinder (6 damage)
             ... while paralysed by Grinder
             ... on level 3 of the Dungeon.
             The game lasted 00:05:53 (1912 turns).

Peloso the Shield-Bearer (Minotaur Fighter)         Turns: 1912, Time: 00:05:54

Health: 0/40       AC:  7    Str: 26    XL:     4   Next: 5%
Magic:  3/3        EV:  2    Int:  5    God:    Okawaru [......]
Gold:   144        SH:  0    Dex: 10    Spells: 3/3 levels left

rFire    . . .     SeeInvis .   r - -1 mace (curse)
rCold    . . .     Gourm    .   c - +1 shield
rNeg     . . .     Faith    .   b - +0 scale mail
rPois    .         Spirit   .   (helmet restricted)
rElec    .         Reflect  .   (no cloak)
rCorr    .         Harm     .   (no gloves)
MR       .....                  (no boots)
Stlth    ..........             (no amulet)
HPRegen  0.13/turn              (no ring)
MPRegen  0.08/turn              (no ring)

@: paralysed, mighty
A: retaliatory headbutt, horns 2
a: Renounce Religion


You were on level 3 of the Dungeon.
You worshipped Okawaru.
Okawaru was noncommittal.
You were not hungry.

You visited 1 branch of the dungeon, and saw 3 of its levels.

You collected 144 gold pieces.

Inventory:

Hand Weapons
 a - a +1 long sword
 r - a cursed -1 mace (weapon)
Armour
 b - a +0 scale mail (worn)
 c - a +1 shield (worn)
Scrolls
 g - 2 scrolls of fear {unknown}
 j - 2 scrolls of enchant armour
 k - 2 scrolls of enchant weapon
 l - 4 scrolls of identify
 m - 3 scrolls of remove curse
 n - a scroll of teleportation {unknown}
 p - a scroll of magic mapping {unknown}
Potions
 d - 2 potions of might
 e - a potion of agility
 h - a potion of invisibility {unknown}
 i - a potion of haste {unknown}
 o - a potion of brilliance {unknown}
 q - a potion of ambrosia {unknown}
 s - a potion of heal wounds {unknown}
Comestibles
 f - 5 rations


   Skills:
 + Level 4.2 Fighting
   Level 0.1(1.5) Short Blades
 + Level 2.9 Long Blades
 + Level 4.1 Armour
 + Level 1.1 Dodging
 + Level 4.6 Shields


You had 3 spell levels left.
You didn't know any spells.
Your spell library was empty.

Dungeon Overview and Level Annotations

Branches:
Dungeon (3/15)

Altars:
Ashenzari
Hepliaklqana
Kikubaaqudgha
Okawaru
Vehumet
Xom
Zin

Annotations:
D:3 Grinder


Innate Abilities, Weirdness & Mutations

You reflexively headbutt those who attack you in melee.
You have a pair of horns on your head.


Message History

Grinder gestures at you. Pain shoots through your body!
Unknown command.
You barely miss Grinder.
Grinder is moderately wounded.
Grinder hits you.
You writhe in agony.
You barely miss Grinder. Your headbutt misses Grinder.
Grinder is moderately wounded.
Grinder hits you. Grinder gestures at you.
You suddenly lose the ability to move!
Grinder hits you.
You writhe in agony.
Grinder gestures at you.
You shrug off the repeated paralysis!
Grinder hits you!
* * * LOW HITPOINT WARNING * * *
You writhe in agony.
* * * LOW HITPOINT WARNING * * *
Grinder hits you.
You die...

####.##.##...#
#.......##...#
#.########...#
#.# ##### #)#
#)# # #.## ≈≈≈
#..###≈≈≈≈≈
#@5(..≈≈...
#.)..≈≈....
#...≈%...≈≈
#!..≈..≈≈..
#....≈≈....
#.......⌠≈≈
#.....)≈≈r.
##....≈....


You could see Grinder.

Vanquished Creatures
  An adder (D:3)
  An ooze (D:1)
  A leopard gecko (D:3)
  3 orcs (D:3)
  A ball python (D:3)
  4 giant cockroaches
  2 goblins (D:2)
  6 hobgoblins
  7 jackals (D:1)
  4 kobolds (D:1)
  A quokka (D:2)
  5 bats
  A frilled lizard (D:1)
  14 rats
51 creatures vanquished.

Notes
Turn   | Place    | Note
-------+----------+-------------------------------------------
     0 | D:1      | Peloso the Minotaur Fighter began the quest for the Orb.
     0 | D:1      | Reached XP level 1. HP: 19/19 MP: 0/0
    53 | D:1      | Reached XP level 2. HP: 27/27 MP: 1/1
   427 | D:1      | Reached XP level 3. HP: 27/33 MP: 2/2
   677 | D:2      | Found a glowing silver altar of Zin.
   677 | D:2      | Found a shimmering altar of Xom.
   679 | D:2      | Found a shattered altar of Ashenzari.
   896 | D:2      | Found a hazy altar of Hepliaklqana.
  1307 | D:2      | Found an ancient bone altar of Kikubaaqudgha.
  1307 | D:2      | Found a radiant altar of Vehumet.
  1780 | D:3      | Found an iron altar of Okawaru.
  1786 | D:3      | Became a worshipper of Warmaster Okawaru
  1877 | D:3      | Reached skill level 1 in Dodging
  1887 | D:3      | Noticed Grinder
  1896 | D:3      | Reached XP level 4. HP: 35/40 MP: 3/3
  1903 | D:3      | Paralysed by Grinder for 2 turns
  1908 | D:3      | Paralysed by Grinder for 7 turns
  1912 | D:3      | Slain by Grinder

Skill      XL: |  1  2  3 |
---------------+----------+-----
Shields        | 4 |  4.6
Fighting       | 4 |  4.2
Armour         | 4 |  4.1
Dodging        | 1 |  1.1
Short Blades   | |  0.1
Long Blades    | |  2.9

Action                   |  1- 3 |  4- 6 || total
-------------------------+-------+-------++-------
Melee: Long sword        |    38 |       ||    38
       Short sword       |    92 |       ||    92
       Headbutt          |    24 |       ||    24
       Mace              |    16 |     6 ||    22
  Use: Scroll            |     4 |       ||     4
       Potion            |       |     1 ||     1
  Eat: Chunk             |     3 |       ||     3
Armor: Scale mail        |    57 |       ||    57
Dodge: Dodged            |    43 |     1 ||    44
Block: Shield            |   100 |     1 ||   101
       Rpst.: Long sword |     5 |       ||     5
